 Dungeon Crawl Stone Soup version 0.29.1-1-gd02db6906a (webtiles) character file.

Game seed: 10046779326686688965

12 bwicke the Caller (level 2, -2/19 HPs)
             Began as a Mummy Summoner on Sept 19, 2022.
             Slain by a hobgoblin (3 damage)
             ... on level 1 of the Dungeon.
             The game lasted 00:01:57 (298 turns).

bwicke the Caller (Mummy Summoner)                   Turns: 298, Time: 00:01:57

Health: -2/19      AC:  2    Str: 11    XL:     2   Next: 20%
Magic:  4/5        EV: 12    Int: 14    God:
Gold:   55         SH:  0    Dex: 12    Spells: 5/6 levels left

rFire   . . .      SeeInvis .   c - +0 short sword
rCold   . . .      Faith    .   (no shield)
rNeg    + + +      Spirit   .   a - +0 robe
rPois   ∞          Reflect  .   (no helmet)
rElec   .          Harm     .   (no cloak)
rCorr   .          Rampage  .   (no gloves)
Will    .....                   (no boots)
Stlth   ++........              (no amulet)
HPRegen 0.06/turn               b - ring of fire
MPRegen 0.09/turn               (no ring)

@: no status effects
A: cold resistance 1, negative energy resistance 3, torment resistance 2, heat
vulnerability 1, no potions
a: no special abilities


You were on level 1 of the Dungeon.
You visited 1 branch of the dungeon, and saw 1 of its levels.

You collected 55 gold pieces.

Inventory:

Hand Weapons
 c - a +0 short sword (weapon)
Missiles
 d - 10 stones
Armour
 a - a +0 robe (worn)
Jewellery
 b - a ring of fire (left hand)


   Skills:
 - Level 1.5 Dodging
 - Level 1.5 Stealth
 - Level 2.6 Spellcasting
 + Level 3.7 Summonings


You had 5 spell levels left.
You knew the following spells:

 Your Spells              Type           Power      Damage    Failure   Level
a - Summon Small Mammal   Summ           48%        N/A       4%          1

Your spell library contained the following spells:

 Spells                   Type           Power      Damage    Failure   Level
 Call Imp                 Summ           12%        N/A       7%          2
 Call Canine Familiar     Summ           12%        N/A       14%         3
 Summon Guardian Golem    Hex/Summ       7%         N/A       30%         3
 Summon Lightning Spire   Summ/Air       7%         N/A       71%         4


Dungeon Overview and Level Annotations

Branches:
Dungeon (1/15)

Altars:


Innate Abilities, Weirdness & Mutations

You are immune to poison.
Your flesh is cold resistant. (rC+)
You are immune to negative energy. (rN+++)
You are immune to unholy pain and torment.
You are vulnerable to heat. (rF-)
You do not drink.


Message History

* * * LOW HITPOINT WARNING * * *
You hit the hobgoblin.
The hobgoblin is heavily wounded.
The hobgoblin hits you.
* * * LOW HITPOINT WARNING * * *
Your rat bites the hobgoblin but does no damage.
The hobgoblin closely misses you.
Your rat misses the hobgoblin.
The quokka bites your rat but does no damage.
You aren't carrying any items that you can evoke.
Unknown command.
You aren't carrying any scrolls.
You can't drink.
Unknown command.
Casting: Summon Small Mammal (safe; 4% risk of failure)
Confirm with . or Enter, or press ? or * to list all spells.
Okay, then.
Unknown command.
Sorry, you're not good enough to have a special ability.
Unknown command.
Unknown command.
Casting: Summon Small Mammal (safe; 4% risk of failure)
Confirm with . or Enter, or press ? or * to list all spells.
Okay, then.
Unknown command.
You hit the hobgoblin but do no damage.
The hobgoblin is lightly wounded.
The quokka barely misses your rat.
Your rat bites the hobgoblin but does no damage.
The hobgoblin barely misses you.
You closely miss the hobgoblin.
The hobgoblin is lightly wounded.
The quokka barely misses your rat.
Your rat barely misses the hobgoblin.
The hobgoblin misses you.
You barely miss the hobgoblin. Your punch misses the hobgoblin.
The hobgoblin is lightly wounded.
The quokka bites your rat but does no damage.
Your rat bites the hobgoblin but does no damage.
The hobgoblin hits you.
You die...

....... ...# ...... #...# .....
##...## ###.#J ##.....#
.....r######......##
#JS.............. ###....#......#
#..#####Sr##......#
#.....@ggr.##....#####
.K..#######$####.###..# .
..###### ..# #..#..##
..#......###.# #.†....##
#.##.......... #†..#...#
#.##........#.##..###... .....#
#.##........#..#.## ##._
.....#####.##.)......# #..###...
.)...#...............##.....#...#


You could see a quokka, 2 hobgoblins, a ball python, a kobold (asleep) and a
friendly rat (summoned).

Vanquished Creatures
  4 ball pythons (D:1)
  A goblin (D:1)
  A frilled lizard (D:1)
  A kobold (D:1)
7 creatures vanquished.

Vanquished Creatures (collateral kills)
  A ball python (D:1)
  An endoplasm (D:1)
  A quokka (D:1)
  A bat (D:1)
  A frilled lizard (D:1)
  A kobold (D:1)
6 creatures vanquished.

Grand Total: 13 creatures vanquished

Notes
Turn   | Place    | Note
-------+----------+-------------------------------------------
     0 | D:1      | bwicke the Mummy Summoner began the quest for the Orb.
     0 | D:1      | Reached XP level 1. HP: 13/13 MP: 4/4
   159 | D:1      | Found a faded altar of an unknown god.
   259 | D:1      | Reached XP level 2. HP: 18/19 MP: 3/5
   298 | D:1      | Slain by a hobgoblin

Illustrated notes

Levels and vault maps discovered:
D:1:      dpeg_arrival_rooms_with_view, layout_rooms,
          nicolae_ecumenical_snake_handling, minmay_cut_off

Action                   || total
-------------------------++-------
Melee: Short sword       ||    23
       Unarmed           ||     5
 Cast: Summon Small Mamm ||     9
 Stab: Sleeping          ||     1
Armor: Robe              ||     3
Dodge: Dodged            ||    25
